 Dungeon Crawl Stone Soup version 0.29-a0-350-g7790a0e70a (webtiles) character file.

Game seed: 16509002992112307487

42 rabbitsville the Ruffian (level 3, -7/29 HPs)
             Began as a Demigod Transmuter on Apr 22, 2022.
             Mangled by Terence
             ... wielding a +0 falchion
              (11 damage)
             ... on level 2 of the Dungeon.
             The game lasted 00:04:25 (1940 turns).

rabbitsville the Ruffian (Demigod Transmuter)       Turns: 1940, Time: 00:04:26

Health: -7/29      AC:  3    Str: 15    XL:     3   Next: 17%
Magic:  8/8        EV: 12    Int: 15    God:
Gold:   83         SH:  0    Dex: 14    Spells: 4/5 levels left

rFire   . . .      SeeInvis .     - Unarmed
rCold   . . .      Faith    .   (no shield)
rNeg    . . .      Spirit   .   g - +0 leather armour
rPois   .          Reflect  .   (helmet currently unavailable)
rElec   .          Harm     .   (no cloak)
rCorr   .          Rampage  .   (no gloves)
Will    .....                   (boots currently unavailable)
Stlth   +.........              (no amulet)
HPRegen 0.09/turn               (no ring)
MPRegen 0.11/turn               (no ring)

@: appendages (expiring)
A: horns 2, talons 2, high MP 1, forlorn, divine attributes
a: End Transformation


You were on level 2 of the Dungeon.
You had temporarily grown beastly horns and talons.
You visited 1 branch of the dungeon, and saw 2 of its levels.

You collected 83 gold pieces.

Inventory:

Armour
 a - a +0 robe
 f - a +0 ring mail
 g - a +0 leather armour (worn)
Scrolls
 d - 4 scrolls of identify {unknown}
 e - a scroll of amnesia {unknown}
 i - a scroll of teleportation {unknown}
 j - a scroll of vulnerability {unknown}
Potions
 b - a potion of lignification
 c - a potion of curing {unknown}
 h - a potion of invisibility {unknown}
 k - a potion of mutation {unknown}
 l - a potion of magic {unknown}


   Skills:
 * Level 1.9 Fighting
 + Level 0.0 Armour
 - Level 2.2 Dodging
 * Level 3.3 Unarmed Combat
 - Level 1.7 Spellcasting
 - Level 1.7 Transmutations


You had 4 spell levels left.
You knew the following spells:

 Your Spells              Type           Power      Damage    Failure   Level
a - Beastly Appendage     Tmut           12%        N/A       14%         1

Your spell library contained the following spells:

 Spells                   Type           Power      Damage    Failure   Level
 Wereblood                Tmut           6%         N/A       21%         2
 Summon Small Mammal      Summ           4%         N/A       28%         1
 Spider Form              Tmut/Pois      3%         N/A       52%         3
 Call Canine Familiar     Summ           1%         N/A       63%         3
 Summon Guardian Golem    Hex/Summ       1%         N/A       63%         3
 Ice Form                 Ice/Tmut       3%         N/A       89%         4


Dungeon Overview and Level Annotations

Branches:
Dungeon (2/15)

Shops:
D:1 =:

Annotations:
D:2 Terence


Innate Abilities, Weirdness & Mutations

You have temporarily grown beastly horns and talons.
You have an increased reservoir of magic. (+10% MP)
You shall have no god before yourself.
Your divine heritage dramatically boosts your attributes as you level up.


Message History

Found a stone staircase leading down.
Okay, then.
Unknown command.
There is a stone staircase leading down here.
Terence the Incautious comes into view.
He is wielding a +0 falchion.
Terence shouts!
You grow a pair of large bovine horns.
Your feet morph into talons.
You hit Terence but do no damage. Your kick misses Terence.
You headbutt Terence, but do no damage. Terence barely misses you.
You hit Terence. You claw Terence, but do no damage.
Terence is moderately wounded.
Your transformation is almost over.
Terence barely misses you.
You hit Terence. You claw Terence, but do no damage.
Your headbutt misses Terence.
Terence is heavily wounded.
You hit Terence.
Terence is heavily wounded.
Terence misses you.
You hit Terence but do no damage. Your headbutt misses Terence.
Terence is heavily wounded.
Terence misses you.
You hit Terence but do no damage. You headbutt Terence.
Terence is severely wounded.
Terence hits you with a +0 falchion.
You completely miss Terence. Your kick misses Terence.
Terence is severely wounded.
Terence hits you with a +0 falchion.
You hit Terence. You claw Terence. You headbutt Terence, but do no damage.
Terence is almost dead.
Terence hits you with a +0 falchion!
* * * LOW HITPOINT WARNING * * *
You closely miss Terence.
Terence is almost dead.
Terence hits you with a +0 falchion.
* * * LOW HITPOINT WARNING * * *
You barely miss Terence.
Terence is almost dead.
Terence hits you with a +0 falchion!
You die...

.## ..# #.. ... #.##
#.####.. #......# ##.
#@# ... #@# #.###.# ###
#....># #.. ###.####
#.. # #.# #. #<#
###.###.####.### #.#
...............# #.#
######...#####.# #.#
##.....####.#########.#


You could see Terence.

Vanquished Creatures
  2 dart slugs (D:1)
  2 ball pythons (D:1)
  4 bats (D:1)
  3 endoplasms (D:1)
  2 giant cockroaches (D:1)
  3 goblins (D:1)
  3 hobgoblins (D:1)
  4 jackals (D:1)
  A quokka (D:1)
  A frilled lizard (D:1)
  3 kobolds (D:1)
  6 rats (D:1)
34 creatures vanquished.

Notes
Turn   | Place    | Note
-------+----------+-------------------------------------------
     0 | D:1      | rabbitsville the Demigod Transmuter began the quest for the
                  | Orb.
     0 | D:1      | Reached XP level 1. HP: 15/15 MP: 5/5
    15 | D:1      | Reached skill level 1 in Fighting
   408 | D:1      | Reached XP level 2. HP: 20/23 MP: 4/7
   457 | D:1      | Reached skill level 3 in Unarmed Combat
   911 | D:1      | Found Axut's Book Shoppe.
  1084 | D:1      | Found Mebionur's One-of-a-Kind Rings.
  1232 | D:1      | Reached XP level 3. HP: 28/29 MP: 6/8
  1924 | D:2      | Noticed Terence
  1940 | D:2      | Mangled by Terence

Illustrated notes

Levels and vault maps discovered:
D:1:      mrwooster_arrival_arrow, layout_basic, serial_shops, shop,
          nicolae_shop_unique_rings
D:2:      layout_loops_ring, minmay_joined_circles, uniq_terence,
          uniq_crazy_yiuf_cottage, uniq_sigmund, uniq_jessica

Skill      XL: |  1  2 |
---------------+-------+-----
Fighting       | 1 |  1.9
Dodging        | 2 |  2.2
Unarmed Combat | 3 |  3.3
Spellcasting   | |  1.7
Transmutations | |  1.7

Action                   || total
-------------------------++-------
Melee: Unarmed           ||    94
       Headbutt          ||    11
       Kick              ||    19
       Punch             ||     2
 Cast: Beastly Appendage ||    21
 Stab: Sleeping          ||     1
Armor: Robe              ||     9
       Leather armour    ||    10
Dodge: Dodged            ||    46

Table legend: (Time is in decaauts)
 A = Elapsed time spent in this place.
 B = Non-inter-level travel time spent in this place.
 C = Inter-level travel time spent in this place.
 D = Time resting spent in this place.
 E = Time spent auto-exploring this place.
 F = Levels seen in this place.
 G = Mean time per level.
                   A        B        C        D        E       F      G
               +--------+--------+--------+--------+--------+-----+--------+
         Total |   1935 |   1882 |     53 |    289 |   1187 |   2 |  967.5 |
       Dungeon |   1935 |   1882 |     53 |    289 |   1187 |   2 |  967.5 |
               +--------+--------+--------+--------+--------+-----+--------+

Top non-repeatable levels by time:
     D:1: 1879 daAuts
     D:2: 56 daAuts
